 Dungeon Crawl Stone Soup version 0.30.1-11-g7821555f0a (webtiles) character file.

Game seed: 15333602344428316470

5017 Condegh the Grappler (level 10, -3/104 HPs)
             Began as a Troll Monk on Dec 17, 2023.
             Was an Elder of Wu Jian.
             Slain by Harold
             ... wielding a +0 war axe
              (21 damage)
             ... on level 8 of the Dungeon on Dec 18, 2023.
             The game lasted 00:33:03 (7243 turns).

Condegh the Grappler (Troll Monk)                   Turns: 7243, Time: 00:33:04

Health: -3/104     AC:  5    Str: 21    XL:     10   Next: 30%
Magic:  9/9        EV: 11    Int: 10    God:    Wu Jian [****..]
Gold:   442        SH:  0    Dex: 18    Spells: 9/9 levels left

rFire   . .          .
                       - Unarmed
rCold   . . .        (no shield)
rNeg    . . .        t - +1 robe {Will+}
rPois   .            (helmet restricted)
rElec   .            (no cloak)
rCorr   +            (gloves unavailable)
SInv    .            (boots unavailable)
Will    +....        (no amulet)
Stlth   ++           l - ring of resist corrosion
HPRegen 1.17/turn    H - +6 ring of dexterity
MPRegen 0.11/turn

%: no passive effects
@: marked
A: large, unfitting armour, claws 3, regeneration 1, shaggy fur 1, tough skin 1
a: Renounce Religion, Wall Jump, Serpent's Lash


You were on level 8 of the Dungeon.
You worshipped Wu Jian.
Wu Jian was greatly pleased with you.
You visited 1 branch of the dungeon, and saw 9 of its levels.
You also visited: Sewer.

You collected 442 gold pieces.

Inventory:

Armour
 a - a +0 robe
 c - an orb of light
 s - a +0 robe of cold resistance
 t - a +1 robe of willpower (worn)
 I - +0 steam dragon scales
Jewellery
 l - a ring of resist corrosion (left claw)
 q - a ring of fire
 E - an amulet of magic regeneration
 H - a +6 ring of dexterity (right claw)
Wands
 k - a wand of flame (53)
 r - a wand of polymorph (18)
 C - a wand of quicksilver (14)
 D - a wand of charming (2)
Scrolls
 e - 2 scrolls of amnesia
 g - 2 scrolls of torment
 i - 2 scrolls of enchant weapon
 m - 2 scrolls of blinking
 u - a scroll of brand weapon {unknown}
 w - a scroll of enchant armour {unknown}
 y - 2 scrolls of fear
 z - a scroll of summoning {unknown}
 A - 5 scrolls of teleportation
 G - 2 scrolls of poison
Potions
 b - a potion of ambrosia
 d - 4 potions of brilliance {unknown}
 f - 4 potions of degeneration {unknown}
 h - a potion of cancellation
 j - a potion of heal wounds
 n - 3 potions of mutation
 o - a potion of invisibility
 p - 2 potions of flight
 v - a potion of haste
 x - a potion of resistance
 B - 3 potions of lignification {unknown}
 F - 3 potions of curing


   Skills:
 + Level 7.7 Fighting
 - Level 3.0 Dodging
 * Level 12.7 Unarmed Combat


You had 9 spell levels left.
You didn't know any spells.
Your spell library contained the following spells:

 Spells                   Type           Power      Damage    Failure   Level
 Hailstorm                Conj/Ice       0%         3d3       75%         3
 Inner Flame              Hex/Fire       0%         N/A       75%         3
 Flame Wave               Conj/Fire      0%         2d4       98%         4
 Ice Form                 Ice/Tmut       0%         N/A       98%         4
 Sticky Flame             Conj/Fire      0%         2d3       98%         4
 Simulacrum               Ice/Necr       0%         N/A       100%        6


Dungeon Overview and Level Annotations

Branches:
Dungeon (9/15)             Temple (0/1) D:6           Sewer (visited)
   Lair: D:8-11         Orc: D:9-12

Altars:
Kikubaaqudgha
Uskayaw
Wu Jian

Annotations:
D:7 1 runed translucent door, mihai's ghost, novice HOFi
D:8 Harold


Innate Abilities, Weirdness & Mutations

You are too large for most types of armour.
You have claws for hands.
Your natural rate of healing is unusually fast.
You are covered in fur. (AC +1)
You have tough skin. (AC +1)


Message History

Harold points at you and mumbles some strange words.
You barely resist. Harold fires a harpoon shot at you.
The harpoon shot hits you!
* * * LOW HITPOINT WARNING * * *
You are yanked forward by the harpoon shot.
Harold attacks as you move away! Harold barely misses you.
Harold fires a harpoon shot at you. The harpoon shot misses you.
Harold fires a harpoon shot at you. The harpoon shot hits you!
* * * LOW HITPOINT WARNING * * *
You are yanked forward by the harpoon shot.
You feel much better.
Harold says, "Listen, it's nothing personal.
It's just a job."
Harold hits you with a +0 war axe. Harold gestures at you while chanting.
The mark upon you grows brighter. Harold fires a harpoon shot at you.
The harpoon shot hits you.
You are yanked forward by the harpoon shot.
Harold attacks as you move away! Harold hits you with a +0 war axe!
* * * LOW HITPOINT WARNING * * *
You see here a +0 whip.
There is a stone staircase leading up here.
Harold hits you with a +0 war axe!!
* * * LOW HITPOINT WARNING * * *
You climb upwards.
There is a stone staircase leading down here.
You feel much better. Harold barely misses you.
You mangle Harold!!
Harold is moderately wounded.
You mangle Harold!!
Harold is heavily wounded.
Harold hits you with a +0 war axe!!
* * * LOW HITPOINT WARNING * * *
You mangle Harold!!
Harold is severely wounded.
Harold hits you with a +0 war axe!!
You die...

...##.#.#......[........#
.##...<...........#####.#
.##)#.##.###...#### #.#
.##.#[##.###...# #.########
.............### ##)#......#
###.##.#.###.# #....####.#
###.##.#.###.#########.#.....#.#
.....#....##.##.....##....##.#.#
.....#.#..#...#@@...#####......#
.....#.#..#.........# ####.###
.....#........#.....# ##.#
####.###.######.....# #..#
.....# #.# ####### #.## ######
#.# #.# #.# #.# #.# #.# ######
#.# ##### #.#


You could see Harold.

Vanquished Creatures
  Pikel (D:7)
  A troll (D:9)
  A tengu conjurer (D:9)
  Sigmund (D:2)
  A wyvern (D:7)
  A steam dragon (D:9)
  Menkaure (D:7)
  4 orc warriors
  A sky beast (D:6)
  2 ice beasts
  2 centaurs
  A phantom (D:4)
  6 kobold brigands (Sewer)
  2 gnoll sergeants
  4 scorpions
  11 wights
  6 killer bees (D:7)
  5 hounds
  2 jellies
  4 orc priests
  2 gnoll boudas
  Jessica (D:2)
  3 iguanas
  8 orc wizards
  2 sleepcaps
  15 gnolls
  7 adders
  3 river rats
  2 shadow imps
  2 ufetubi
  3 worms
  3 dart slugs
  27 orcs
  5 endoplasms
  4 giant cockroaches
  5 goblins
  7 hobgoblins
  16 kobolds
  2 quokkas (D:1)
  11 ball pythons
  2 bats
  3 frilled lizards (D:1)
  8 rats
198 creatures vanquished.

Vanquished Creatures (others)
  An orc (D:9)
1 creature vanquished.

Grand Total: 199 creatures vanquished

Notes
Turn   | Place    | Note
-------+----------+-------------------------------------------
     0 | D:1      | Condegh the Troll Monk began the quest for the Orb.
     0 | D:1      | Reached XP level 1. HP: 22/22 MP: 0/0
    61 | D:1      | You fall into a shaft and drop 1 floor!
    90 | D:2      | Found an ancient bone altar of Kikubaaqudgha.
   127 | D:2      | Noticed Sigmund
   169 | D:1      | Reached XP level 2. HP: 27/29 MP: 1/1
   579 | D:1      | Found a faded altar of an unknown god.
  1022 | D:2      | Noticed Jessica
  1025 | D:2      | Killed Jessica
  1026 | D:2      | Reached XP level 3. HP: 36/36 MP: 2/2
  1186 | D:2      | Killed Sigmund
  1187 | D:2      | Reached skill level 5 in Unarmed Combat
  1187 | D:2      | Reached XP level 4. HP: 24/45 MP: 3/3
  1187 | D:2      | Reached XP level 5. HP: 28/53 MP: 4/4
  1607 | D:3      | Noticed a +0 dagger
  1608 | D:3      | Noticed a +0 hand axe
  1617 | D:3      | Found a hide-covered altar of Uskayaw.
  1715 | D:3      | Reached XP level 6. HP: 61/61 MP: 5/5
  2202 | D:4      | Reached skill level 6 in Unarmed Combat
  2569 | D:4      | Reached XP level 7. HP: 70/70 MP: 6/6
  2690 | D:4      | Found an ornate altar of the Wu Jian Council.
  2695 | D:4      | Became a worshipper of the Wu Jian Council
  2695 | D:4      | Reached * piety under Wu Jian
  2695 | D:4      | Reached ** piety under Wu Jian
  2874 | D:5      | Entered Level 5 of the Dungeon
  2926 | D:5      | Found a glowing drain.
  2931 | Sewer    | Entered a sewer
  3040 | Sewer    | Reached skill level 7 in Unarmed Combat
  3553 | Sewer    | Reached skill level 8 in Unarmed Combat
  3553 | Sewer    | Reached XP level 8. HP: 78/79 MP: 7/7
  3644 | D:5      | Reached skill level 5 in Fighting
  4070 | D:5      | Reached skill level 9 in Unarmed Combat
  4672 | D:6      | Found a staircase to the Ecumenical Temple.
  4729 | D:6      | Reached *** piety under Wu Jian
  5270 | D:7      | Noticed Pikel
  5275 | D:7      | Killed Pikel
  5276 | D:7      | Reached skill level 10 in Unarmed Combat
  5276 | D:7      | Reached XP level 9. HP: 88/91 MP: 8/8
  5501 | D:7      | Found a runed translucent door.
  5503 | D:7      | Noticed Menkaure
  5509 | D:7      | Killed Menkaure
  5510 | D:7      | Noticed mihai's ghost (novice HOFi)
  5510 | D:7      | Noticed a centaur warrior
  5587 | D:7      | Reached skill level 11 in Unarmed Combat
  6003 | D:8      | Noticed a two-headed ogre
  6378 | D:8      | Reached skill level 12 in Unarmed Combat
  6383 | D:8      | Reached XP level 10. HP: 80/102 MP: 9/9
  6766 | D:8      | Reached **** piety under Wu Jian
  7180 | D:9      | Noticed Harold
  7238 | D:9      | HP: 5/104 [Harold/+0 war axe (25)]
  7243 | D:8      | Slain by Harold

Illustrated notes

Levels and vault maps discovered:
D:1:      sevenhm_arrival_forest_fort_small_6, layout_basic,
          shapermc_ecumenical_altar_venn
D:2:      layout_basic, basic_altar, uniq_sigmund, uniq_jessica
D:3:      layout_loops_ring, dancing_weapons_uskayaw, minmay_cupped
D:4:      layout_basic, nzn_wu_jian_contemplation
D:5:      layout_basic, portal_sewer_entry_e
D:6:      layout_basic, minmay_temple_entry_large_hall, serial_park_tiny_1,
          nicolae_concentric_dashed_squares_wild
D:7:      layout_loops_ring, ebering_ghost_inner_flame, uniq_pikel,
          uniq_menkaure
D:8:      layout_loops_cross
D:9:      layout_gridville, uniq_harold

Skill      XL: |  1  2  3  4  5  6  7  8  9 |
---------------+----------------------------+-----
Fighting       | 3 4 6 7 |  7.7
Dodging        | 3 |  3.0
Unarmed Combat | 5 6 8 10 12 | 12.7

Action                     |  1- 3 |  4- 6 |  7- 9 | 10-12 || total
---------------------------+-------+-------+-------+-------++-------
  Melee: Unarmed           |    58 |    89 |   336 |    80 ||   563
         Punch             |     1 |     4 |    16 |     5 ||    26
Ability: Lunge             |       |       |    43 |    13 ||    56
         Whirlwind         |       |       |    44 |    30 ||    74
    Use: Scroll            |       |     4 |    10 |     3 ||    17
         Potion            |       |       |     2 |     2 ||     4
   Stab: Sleeping          |       |     1 |     2 |       ||     3
 Armour: Robe              |    11 |    17 |    39 |    12 ||    79
  Dodge: Dodged            |    19 |    35 |    83 |    25 ||   162
